 Dungeon Crawl Stone Soup version 0.21.1-1-g345015f (webtiles) character file.

139 troglodite the Skirmisher (level 5, -1/42 HPs)
             Began as a Demonspawn Berserker on Mar 12, 2018.
             Was a Believer of Trog.
             Slain by an orc
             ... wielding a +0 mace
              (7 damage)
             ... on level 3 of the Dungeon.
             The game lasted 00:05:35 (2345 turns).

troglodite the Skirmisher (Demonspawn Berserker)    Turns: 2345, Time: 00:05:36

Health: -1/42      AC:  5    Str: 22    XL:     5   Next: 1%
Magic:  5/5        EV: 11    Int:  8    God:    Trog [**....]
Gold:   97         SH:  4    Dex: 14    Spells: 4/4 levels left

rFire    + . .     SeeInvis .   a - +0 falchion
rCold    . . .     Gourm    .   j - +0 buckler
rNeg     . . .     Faith    .   k - +0 ring mail
rPois    .         Spirit   .   (helmet restricted)
rElec    .         Reflect  .   (no cloak)
rCorr    .         Harm     .   (no gloves)
MR       .....                  (no boots)
Stlth    +.........             (no amulet)
HPRegen  0.14/turn              f - +5 ring of strength
MPRegen  0.09/turn              (no ring)

@: berserk cooldown, slowed, very slow
A: antennae 2, fire resistance 1
a: Berserk, Trog's Hand, Burn Spellbooks, Renounce Religion


You were on level 3 of the Dungeon.
You worshipped Trog.
Trog was pleased with you.
You were very hungry.

You visited 1 branch of the dungeon, and saw 3 of its levels.

You collected 97 gold pieces.

Inventory:

Hand Weapons
 a - a +0 falchion (weapon)
Armour
 j - a +0 buckler (worn)
 k - a +0 ring mail (worn)
Jewellery
 f - a +5 ring of strength (left hand)
Scrolls
 d - a scroll of blinking {unknown}
 g - 3 scrolls of remove curse {unknown}
 i - a scroll of teleportation {unknown}
 l - a scroll of enchant armour {unknown}
 m - 3 scrolls of amnesia {unknown}
 n - a scroll of identify {unknown}
 o - a scroll of enchant weapon {unknown}
Potions
 e - a potion of mutation {unknown}
 h - a potion of curing {unknown}
Comestibles
 b - 2 chunks of flesh
 c - 5 rations


   Skills:
 * Level 3.7 Fighting
 + Level 3.4 Long Blades
 * Level 2.5 Armour
 * Level 2.6 Dodging
 + Level 0.7 Stealth
 * Level 1.0 Shields


You had 4 spell levels left.
You didn't know any spells.

Dungeon Overview and Level Annotations

Branches:
Dungeon (3/15)

Altars:
Ashenzari
Vehumet


Innate Abilities, Weirdness & Mutations

You have a pair of antennae on your head.
Your flesh is heat resistant. (rF+)


Message History

You barely miss the orc.
The orc is heavily wounded.
The orc hits you with a mace.
* * * LOW HITPOINT WARNING * * *
The orc hits you with a mace.
* * * LOW HITPOINT WARNING * * *
The orc hits you with a mace.
* * * LOW HITPOINT WARNING * * *
The orc hits you but does no damage.
You closely miss the orc.
The orc is heavily wounded.
The orc hits you but does no damage. The orc barely misses you.
You riposte.
You hit the orc but do no damage.
The orc is heavily wounded.
Unknown command.
You slash the orc!
You kill the orc!
Trog accepts your kill. The orc hits you with a mace!
You die...

#.. .. .#.......### ...# .
#.# ....._..)..# ...
.##.####.......#.# $..
.....###.....##.#
#.###......##...###..
#......#..#.##.#####. #
...#......##......#.....
#.........)†##...##.#.#...
.....####@#))(...##.#.#...
.........)o..†.......>...#
..........##.#...##....(##
..##########<#...##<....##
###..#.##..#.##
#.........#.##
#..#.<....#.##
............#.##
###..##.##.##.##


You could see an orc.

Vanquished Creatures
  Jessica (D:2)
  4 adders
  2 oozes
  A worm (D:2)
  2 dart slugs
  A leopard gecko (D:2)
  3 orcs (D:3)
  A ball python (D:1)
  9 bats
  A giant cockroach (D:3)
  11 hobgoblins
  2 jackals (D:3)
  6 kobolds
  2 quokkas (D:2)
  4 frilled lizards
  4 goblins
  3 rats
57 creatures vanquished.

Notes
Turn   | Place    | Note
-------+----------+-------------------------------------------
     0 | D:1      | troglodite the Demonspawn Berserker began the quest for the Orb.
     0 | D:1      | Reached XP level 1. HP: 18/18 MP: 1/1
   644 | D:1      | Gained mutation: Your flesh is heat resistant. (rF+) [demonic ancestry]
   644 | D:1      | Reached XP level 2. HP: 18/24 MP: 2/2
  1089 | D:2      | Gained mutation: You have a pair of small antennae on your head. [demonic ancestry]
  1089 | D:2      | Reached XP level 3. HP: 29/29 MP: 3/3
  1740 | D:2      | Reached ** piety under Trog
  1852 | D:2      | Found a shattered altar of Ashenzari.
  1942 | D:2      | Noticed Jessica
  1948 | D:2      | Killed Jessica
  1948 | D:2      | Gained mutation: You have a pair of antennae on your head. [demonic ancestry]
  1948 | D:2      | Reached XP level 4. HP: 32/37 MP: 4/4
  2213 | D:3      | Found a radiant altar of Vehumet.
  2314 | D:3      | Reached skill level 1 in Shields
  2342 | D:3      | Reached XP level 5. HP: 13/42 MP: 5/5
  2345 | D:3      | Slain by an orc

Skill      XL: |  1  2  3  4 |
---------------+-------------+-----
Dodging        | 2 |  2.6
Armour         | 2 |  2.5
Long Blades    | 3 |  3.4
Shields        | 1 |  1.0
Fighting       | |  3.7
Stealth        | |  0.7

Action                   |  1- 3 |  4- 6 || total
-------------------------+-------+-------++-------
Melee: Falchion          |   120 |    48 ||   168
Invok: Berserk           |     3 |     1 ||     4
       Burn Spellbooks   |       |     1 ||     1
 Stab: Sleeping          |     1 |       ||     1
  Eat: Chunk             |     5 |     2 ||     7
Armor: Animal skin       |    25 |       ||    25
       Ring mail         |    16 |    22 ||    38
Dodge: Dodged            |   119 |    49 ||   168
Block: Buckler           |     9 |    12 ||    21
       Rpst.: Falchion   |    33 |    19 ||    52
